Unix NetHack Version 3.7.0-94 Work-in-progress - last build Dec 13 2023 01:40:03 (eb5afe49d650b6f5c6196fad733e3b2b9fb6c025,branch:master). Game began 2023-12-15 10:34:26, ended 2023-12-15 18:34:21. elenmirie, neutral female human Priestess ---- ----------- --0>-------- |.........| |..........| |.........| |..-----.-.| |.........| |..|...|00.| |....<....| |.0.0.0...-| |.........| |.0..0..|..| |.........| |.----..--.| |.........| |........|.-- |.........| |.---.-.....------------+| |...|...-..).).@@...^^^^.| |.....%...---------------- -----..|..| ------- Elenmirie the Adept St:13 Dx:9 Co:16 In:11 Wi:18 Ch:9 Neutral Dlvl:5 $:20 HP:0(65) Pw:83(83) AC:6 Xp:8/1489 T:6420 Latest messages: It is hit! It is hit. It is hit. It is hit. What do you want to remove? [x or ?*] x You were wearing an uncursed blindfold. You can see again. The Grey-elf shoots 4 runed arrows! You are hit by the 1st runed arrow. You are hit by the 2nd runed arrow. The 3rd runed arrow misses you. You are hit by the 4th runed arrow! The Grey-elf shoots 2 runed arrows! The 1st runed arrow hits the Grey-elf! The 2nd runed arrow hits the Grey-elf. The Grey-elf wields an uncursed runed short sword! The Grey-elf wields a cursed runed short sword! The runed short sword welds itself to the Grey-elf's hand! You kill the Grey-elf! The Grey-elf picks up an uncursed runed dagger. You hit the Grey-elf! The Grey-elf thrusts her runed short sword. The Grey-elf hits! You hit the Grey-elf! The Grey-elf thrusts her runed short sword. The Grey-elf hits! You kill the Grey-elf! There are several objects here. The Grey-elf wields an uncursed runed broadsword! You hit the Grey-elf! The Grey-elf swings his runed broadsword. The Grey-elf hits! You hit the Grey-elf! The Grey-elf drinks an uncursed potion called 200 ora! The Grey-elf looks completely healed. You hit the Grey-elf! The Grey-elf swings his runed broadsword. The Grey-elf hits! You hit the Grey-elf! The Grey-elf swings his runed broadsword. The Grey-elf hits! You hit the Grey-elf! The Grey-elf swings his runed broadsword. The Grey-elf hits! You die... Do you want your possessions identified? [ynq] (y) y Do you want to see your attributes? [ynq] (y) y Do you want an account of creatures vanquished? [ynaq] (y) y Do you want to see your conduct and achievements? [ynq] (y) y Do you want to see the dungeon overview? [ynq] (y) y Inventory: Coins $ - 20 gold pieces Weapons I - 10 uncursed +0 shuriken (at the ready) a - a blessed +4 mace (weapon in right hand) Armor K - an uncursed +0 elven leather helm (being worn) c - an uncursed +0 small shield (being worn) b - a blessed +0 robe (being worn) Comestibles e - an uncursed clove of garlic u - 4 uncursed food rations f - an uncursed sprig of wolfsbane L - an uncursed lizard corpse Rings V - a cursed ring of aggravate monster C - an uncursed ring of protection from shape changers Wands P - an uncursed wand of make invisible (0:7) v - an uncursed wand of slow monster (0:1) q - an uncursed wand of teleportation (0:2) Tools w - an uncursed sack containing 20 items N - an uncursed frost horn (0:4) x - an uncursed blindfold E - an uncursed lock pick i - an uncursed magic marker (0:19) A - an uncursed wax candle Contents of the sack: 395 gold pieces 3 uncursed scrolls of destroy armor an uncursed scroll of earth a cursed scroll of earth an uncursed scroll of enchant armor 2 uncursed scrolls of enchant weapon 2 uncursed scrolls of food detection a blessed spellbook of fireball an uncursed potion of enlightenment an uncursed potion of extra healing a cursed potion of fruit juice an uncursed potion of full healing an uncursed potion of gain ability a blessed potion of gain energy an uncursed potion of gain energy a cursed potion of gain energy 4 uncursed potions of healing a cursed potion of healing a cursed potion of restore ability 4 potions of holy water Elenmirie the Priestess's attributes: Background: You were an Adept, a level 8 human Priestess. You were neutral, on a mission for Raijin who was opposed by Amaterasu Omikami (lawful) and Susanowo (chaotic). You were right-handed. You were in Sokoban, on level 5. You entered the dungeon 6420 turns ago. You had 1489 experience points, 1071 more were needed to attain level 9. Basics: You had 0 out of 65 hit points. You had all 83 energy points (spell power). Your armor class was 6. Your wallet contained 20 zorkmids, and you had 395 more stashed away in your pack. Autopickup was on for '$' plus thrown. Final Characteristics: Your strength was 13 (limit:18/100). Your dexterity was 9 (peak:10, limit:18). Your constitution was 16 (limit:18). Your intelligence was 11 (limit:18). Your wisdom was 18 (limit:18). Your charisma was 9 (limit:18). Final Status: You weren't hungry. You were unencumbered. You were wielding a mace. You were skilled in mace and could have enhanced that. Final Attributes: You were piously aligned. You were guarded. You are dead. Miscellaneous: You never encountered a bones level. Total elapsed playing time was 1 hour, 3 minutes and 37 seconds. Major events: Turn 1: elenmirie the neutral human Priestess entered the dungeon 907: attained the rank of Acolyte (level 3) 1635: entered the Gnomish Mines 2418: attained the rank of Adept (level 6) 2791: reached Mine Town 5392: entered Sokoban 5956: completed 1st Sokoban level 6420: killed by a Grey-elf Vanquished creatures: a small mimic 2 Grey-elves a giant beetle 2 mumakil an ice vortex an ogre a Green-elf a lizard a chickatrice a dwarf leader 6 human zombies a rope golem a bugbear 2 rock piercers 2 ponies a fog cloud 4 yellow lights 2 shriekers 3 gnome leaders 2 gnomish wizards 2 gray oozes a ghoul a straw golem a little dog a floating eye a kitten 4 dwarves 4 homunculi a kobold leader 2 kobold shamans 5 rothes a rabid rat a giant bat an orc zombie 3 dwarf zombies 2 iguanas an acid blob 2 gas spores a hobbit 2 hobgoblins 3 cave spiders a yellow mold a red mold 25 gnomes 2 geckos 8 jackals 4 foxes a kobold 2 goblins 7 grid bugs 6 lichens 2 kobold zombies 7 newts 142 creatures vanquished. No species were genocided or became extinct. Voluntary challenges: You read items or engraved 4 times. You never engraved Elbereth. You never genocided any monsters. You never polymorphed an object. You never changed form. You used no wishes. You did not violate any of the special Sokoban rules. Achievements: You entered a shop. You attained the rank of Acolyte. You entered the Gnomish Mines. You attained the rank of Adept. You entered Minetown. You entered a temple. You entered Sokoban. The Dungeons of Doom: levels 1 to 7 Level 1: Some fountains. Level 2: A scroll shop, a sink. Level 3: A fountain. Level 4: Many fountains. Stairs down to The Gnomish Mines. Level 5: Level 6: Many fountains. Oracle of Delphi. Level 7: Stairs up to Sokoban, level 6. The Gnomish Mines: levels 5 to 7 Level 5: Level 6: Level 7: Many shops, a temple and an altar to Raijin, some fountains. Sokoban: levels 6 up to 5 Level 5: <- You were here. Unsolved. Final resting place for you, killed by a Grey-elf. Level 6: Solved. Game over: ---------- / \ / REST \ / IN \ / PEACE \ / \ | elenmirie | | 415 Au | | killed by a | | Grey-elf | | | | | | 2023 | *| * * * | * _________)/\\_//(\/(/\)/\//\/|_)_______ Goodbye elenmirie the Priestess... You died in Sokoban on dungeon level 5 with 6640 points, and 415 pieces of gold, after 6420 moves. You were level 8 with a maximum of 65 hit points when you died.